 Dungeon Crawl Stone Soup version 0.19.0-11-g3fc08b3 (webtiles) character file.

95 uglyjohn the Skirmisher (level 4, 0/37 HPs)
             Began as a Demonspawn Fighter on Nov 9, 2016.
             Succumbed to an adder's poison
             ... on level 2 of the Dungeon.
             The game lasted 00:02:28 (2051 turns).

uglyjohn the Skirmisher (Demonspawn Fighter)        Turns: 2051, Time: 00:02:28

Health: 0/37       AC:  7    Str: 17    XL:     4   Next: 40%
Magic:  2/4        EV:  6    Int: 10    God:
Gold:   77         SH:  8    Dex: 12    Spells: 0 memorised, 3 levels left

rFire  . . .     SeeInvis .     a - +0 war axe
rCold  . . .     Gourm    .     b - +0 scale mail
rNeg   . . .     Faith    .     c - +0 shield
rPois  .         Spirit   +     (no helmet)
rElec  .         Reflect  .     (no cloak)
rCorr  .         Harm     .     (no gloves)
MR     .....                    (no boots)
Stlth  ..........               (no amulet)
                                (no ring)
                                (no ring)

@: lethally poisoned (0 -> -10), flying
A: magic shield, magic regeneration
a: no special abilities


You were on level 2 of the Dungeon.
You were not hungry.

You visited 1 branch of the dungeon, and saw 2 of its levels.

You collected 77 gold pieces.

Inventory:

Hand Weapons
 a - a +0 war axe (weapon)
Armour
 b - a +0 scale mail (worn)
 c - a +0 shield (worn)
Scrolls
 g - a scroll of enchant weapon {unknown}
 h - a scroll of enchant armour {unknown}
 j - 7 scrolls of teleportation {unknown}
 k - 5 scrolls of identify {unknown}
Potions
 l - a potion of heal wounds {unknown}
Comestibles
 d - 5 fruits
 f - a bread ration
 m - a meat ration


   Skills:
 + Level 4.2 Fighting
 - Level 1.7 Axes
 + Level 3.9 Armour
 - Level 2.6 Shields


You had 3 spell levels left.
You didn't know any spells.

Dungeon Overview and Level Annotations

Branches:
Dungeon (2/15)

Altars:


Innate Abilities, Weirdness & Mutations

When hurt, damage is shared between your health and your magic reserves.
You regenerate magic rapidly.


Message History

The adder is severely wounded.
* * * LOW HITPOINT WARNING * * *
You feel sick. The adder barely misses you.
The adder bites you but does no damage.
Unknown command.
You closely miss the adder.
The adder is severely wounded.
* * * LOW HITPOINT WARNING * * *
You feel sick. The adder completely misses you. The adder bites you.
* * * LOW HITPOINT WARNING * * *
You are more poisoned.
The adder poisons you!
It was a potion of cure mutation.
It has a very clean taste.
* * * LOW HITPOINT WARNING * * *
You feel sick. The adder bites you but does no damage.
The adder closely misses you.
It was a potion of flight.
You feel very buoyant.
You fly up into the air.
You die...

#.# ##### #<# ....#
####.# ....# #....#
###.###.##########
#..............#####
#.###.##...........#
###.#
#.##.#####.###.#
....# #.##.# #.@.#
###.# #.##.# #.S.#
###.# #.##.# .......
.##.#
#.##.##........#
#...#
.##.##........#
##### #.####...##.#
#.# #...# .# #.#
##.## # #.#####.##


You could see an adder.

Vanquished Creatures
  4 gnolls (D:2)
  2 adders (D:2)
  3 dart slugs
  An orc (D:2)
  A ball python (D:2)
  6 goblins
  3 hobgoblins (D:1)
  A quokka (D:2)
  5 bats
  2 frilled lizards
  5 kobolds
  2 rats (D:2)
35 creatures vanquished.

Notes
Turn   | Place    | Note
-------+----------+-------------------------------------------
     0 | D:1      | uglyjohn the Demonspawn Fighter began the quest for the Orb.
     0 | D:1      | Reached XP level 1. HP: 18/18 MP: 1/1
    12 | D:1      | Noticed an electric eel
   350 | D:1      | Gained mutation: When hurt, damage is shared between your health and your magic reserves. [demonic ancestry]
   350 | D:1      | Reached XP level 2. HP: 14/24 MP: 2/2
  1273 | D:2      | Reached XP level 3. HP: 26/29 MP: 3/3
  1337 | D:2      | HP: 1/30 [gnoll/spear (1)]
  1383 | D:2      | Reached skill level 4 in Fighting
  1383 | D:2      | Gained mutation: You regenerate magic rapidly. [demonic ancestry]
  1383 | D:2      | Reached XP level 4. HP: 5/37 MP: 1/4
  2050 | D:2      | HP: 1/37 [poisoned by an adder]
  2051 | D:2      | Succumbed to an adder's poison

Skill      XL: |  1  2  3 |
---------------+----------+-----
Armour         | 3 |  3.9
Fighting       | 4 |  4.2
Axes           | |  1.7
Shields        | |  2.6

Action                   |  1- 3 |  4- 6 || total
-------------------------+-------+-------++-------
Melee: War axe           |   103 |    41 ||   144
  Use: Potion            |     1 |     2 ||     3
  Eat: Chunk             |     2 |     2 ||     4
Armor: Scale mail        |    39 |    31 ||    70
Dodge: Dodged            |    39 |    23 ||    62
Block: Shield            |    57 |    30 ||    87
